Map: Galactic Process LE

Players

OdinToelust - Winner!

  • Race: Terran Terran
  • League: Platinum

Tenonee

  • Race: Terran Terran
  • League: Platinum

VOD

Have the link to the VOD?

Description

Time

  • Played on: July 23, 2016, 6:53 a.m.
  • Length: 10:03
Show
View Real Time Build Order
Export as new Build Order

OdinToelust Terran - Winner!

Build Orders: Reaper Expand, MMM Bio 

Get SALT Encoding   

  12  0:00  SCV  
  13  0:13  SCV  
  14  0:18  Supply Depot  
  14  0:25  SCV  
  15  0:40  SCV  
  15  0:41  Barracks  
  16  0:47  Refinery  
  16  0:52  SCV  
  18  1:04  SCV  
  18  1:16  SCV  
  19  1:28  Orbital Command  
  19  1:29  Reaper  
  20  1:46  Command Center  
  20  1:54  SCV  
  21  2:04  Marine  
  22  2:09  Factory, SCV  
  23  2:15  Supply Depot  
  23  2:33  Barracks Reactor  
  23  2:37  SCV  
  23  2:39  Refinery  
  24  2:49  SCV  
  25  3:01  SCV  
  25  3:03  Factory Tech Lab  
  25  3:13  Starport, Marine x2  
  25  3:15  SCV  
  25  3:16  Orbital Command  
  27  3:37  Marine x2  
  29  3:43  SCV  
  30  3:52  Command Center  
  30  3:53  Siege Tank  
  33  3:58  Barracks  
  33  3:59  Marine  
  33  4:01  Marine  
  35  4:05  Medivac  
  35  4:07  SCV  
  35  4:09  SCV  
  39  4:16  Refinery  
  39  4:22  Supply Depot  
  39  4:24  Marine  
  39  4:26  Supply Depot, SCV  
  41  4:35  SCV  
  41  4:37  Marine  
  43  4:38  Medivac, SCV  
  43  4:44  Siege Tank  
  49  4:46  Barracks Tech Lab  
  49  4:50  SCV x2  
  51  4:56  Supply Depot  
  50  5:15  Orbital Command  
  50  5:24  Marine x2  
  50  5:26  Medivac, Siege Tank, Marauder  
  59  5:35  Supply Depot  
  59  5:38  Supply Depot  
  59  5:39  SCV x2  
  61  5:44  Marine, Stimpack  
  61  5:47  Marine  
  63  5:57  Orbital Command, SCV x2  
  63  5:59  Marauder  
  63  6:01  Viking  
  69  6:05  Supply Depot  
  69  6:09  Supply Depot  
  69  6:11  Marine x2  
  69  6:14  SCV  
  69  6:15  SCV  
  73  6:25  SCV  
  74  6:28  SCV x2  
  74  6:29  Siege Tank, Marauder  
  74  6:30  Marine  
  74  6:31  Marine  
  83  6:37  SCV  
  84  6:40  SCV x2  
  86  6:48  Supply Depot, Marine  
  86  6:49  Supply Depot  
  85  7:29  Command Center  
  85  7:32  Barracks  
  85  7:33  Barracks  
  85  7:34  Barracks  
  85  7:35  Marine  
  85  7:36  Marine, Marauder  
  85  7:37  Medivac, Siege Tank  
  94  7:53  SCV x2  
  94  7:55  Combat Shields  
  94  7:56  Marine x2  
  98  8:04  Supply Depot  
  98  8:06  Supply Depot  
  98  8:09  Starport Reactor  
  99  8:20  SCV x2  
  99  8:21  Barracks Tech Lab, Barracks Reactor  
  99  8:22  Barracks Reactor  
  99  8:23  Siege Tank, Marauder  
  105  8:27  Supply Depot  
  105  8:32  Marine x2, SCV x2  
  109  8:37  Refinery  
  109  8:42  Engineering Bay  
  109  8:43  Engineering Bay  
  109  8:50  Supply Depot  
  105  9:18  Marine x2  
  105  9:19  Marine x3  
  105  9:20  Marine, Marauder  
  105  9:21  Siege Tank, Marauder  
  105  9:23  Viking, Medivac  
  114  9:42  Marine x5  
  114  9:43  Marine  
Show
View Real Time Build Order
Export as new Build Order

Tenonee Terran 

Build Orders: Reaper Expand, MMM Bio 

Get SALT Encoding   

  12  0:01  SCV  
  13  0:13  SCV  
  14  0:17  Supply Depot  
  14  0:26  SCV  
  15  0:39  SCV  
  15  0:40  Barracks  
  16  0:45  Refinery  
  16  0:51  SCV  
  17  1:01  Supply Depot  
  17  1:03  SCV  
  18  1:15  SCV  
  19  1:27  Orbital Command  
  19  1:29  Reaper  
  20  1:51  Command Center  
  20  1:55  SCV  
  21  2:08  Barracks Reactor, SCV  
  22  2:20  SCV  
  23  2:31  Factory  
  23  2:33  SCV  
  23  2:34  Refinery  
  24  2:45  SCV  
  24  2:49  Marine x2  
  27  2:57  SCV  
  28  3:00  Barracks  
  28  3:08  Marine x2  
  28  3:09  SCV  
  31  3:14  Orbital Command  
  31  3:18  Factory Tech Lab  
  31  3:21  SCV  
  32  3:33  SCV  
  33  3:36  Marine x2  
  33  3:41  Siege Tank  
  38  3:42  Starport  
  38  3:45  SCV x2  
  40  3:49  Supply Depot  
  40  3:54  Barracks Tech Lab, Marine  
  41  3:57  SCV  
  42  4:07  Marine  
  42  4:08  SCV  
  44  4:11  Supply Depot, Marine  
  44  4:14  Engineering Bay  
  44  4:16  Engineering Bay  
  45  4:17  Stimpack  
  45  4:19  SCV  
  46  4:29  Marine, SCV  
  46  4:30  Marine x2  
  46  4:31  Starport Reactor  
  50  4:34  SCV  
  51  4:41  SCV  
  51  4:42  Siege Tank  
  55  4:45  Supply Depot  
  55  4:46  SCV  
  55  4:47  Marine  
  55  4:48  Supply Depot  
  55  4:52  Marine x2  
  59  4:53  SCV  
  59  4:56  Terran Infantry Weapons Level 1  
  59  4:58  SCV  
  61  5:05  Marine  
  62  5:11  Marine  
  63  5:14  Marine  
  63  5:16  SCV x2  
  65  5:21  Command Center  
  65  5:23  Marine, Siege Tank  
  65  5:24  Medivac  
  71  5:33  SCV x2  
  73  5:37  Supply Depot x2  
  73  5:41  Terran Infantry Armor Level 1, Refinery  
  73  5:42  Refinery  
  73  5:54  Marine  
  73  5:55  Marine x2  
  76  6:02  SCV x2  
  76  6:03  Barracks  
  78  6:05  Barracks  
  78  6:10  Armory  
  78  6:12  Supply Depot  
  78  6:14  SCV x2  
  80  6:18  Marine  
  80  6:19  Marine x2  
  80  6:20  Siege Tank  
  86  6:34  Medivac  
  86  6:36  Marine x2  
  86  6:37  Marauder  
  92  6:51  Barracks Tech Lab  
  92  6:54  Marine x2  
  92  6:59  Marauder  
  96  7:06  Liberator  
  97  7:12  Marine  
  96  7:20  Combat Shields, Marauder  
  96  7:21  Concussive Shells  
  97  7:23  Medivac  
  102  7:32  Barracks Reactor  
  102  7:34  Marine x3  
  102  7:35  Terran Infantry Weapons Level 2  
  105  7:41  Marine  
  106  7:50  Refinery  
  106  7:51  Marine  
  106  7:52  Marine, Marauder  
  106  7:53  Refinery  
  106  7:55  Siege Tank  
  113  7:59  Marine  
  113  8:01  Orbital Command  
  113  8:03  SCV x2  
  113  8:04  Barracks  
  116  8:06  Supply Depot  
  116  8:07  Supply Depot, Barracks  
  116  8:08  Marine  
  116  8:09  Marine x2  
  119  8:14  Marauder  
  119  8:16  Marine  
  119  8:18  Marine  
  123  8:26  Starport, SCV x2  
  125  8:28  Marine, SCV  
  125  8:33  Factory  
  127  8:35  Marauder  
  127  8:36  Supply Depot  
  127  8:38  Supply Depot  
  127  8:40  Marine x2  
  131  9:06  Marine  
  110  9:13  Marine x2  
  110  9:14  Marine x2, Marauder  
  106  9:21  Siege Tank  
  109  9:24  Factory Tech Lab, Marine  
  109  9:25  Starport Tech Lab  
  103  9:31  Marine x3  
  103  9:37  Marauder  
  97  9:40  Marauder  
  97  9:42  Marine  
Tags
 
Add a new tag
Caveats
  • Supply blocks, unpowered buildings, or Contaminate may cause inaccurate times.
  • Supply counts are checked every 10 seconds.